Comets vs Canucks
Created - November 18, 2024 at 22:48
Goals
|
| Comets |
2 |
2 |
3 |
7 |
| Canucks |
5 |
1 |
0 |
6 |
|
Shots
|
| Comets |
16 |
16 |
17 |
49 |
| Canucks |
18 |
14 |
2 |
34 |
|
1st period
1. Canucks , Nicolas Petan 9 (Curtis Lazar 12, Ryan Lomberg 11) at 3:17 (PP)
2. Comets , John Hayden 3 (Cristiano Digiacinto 2, Alexandre Texier 4) at 8:19
3. Comets , Joonas Donskoi 7 (Mason Marchment 4, Ilya Lyubushkin 5) at 8:51 (PP)
4. Canucks , Juho Lammikko 6 (Daniel Zaar 9, William Lagesson 6) at 10:35
5. Canucks , Curtis Lazar 10 (Ryan Lomberg 12, Dan Renouf 12) at 11:05
6. Canucks , Curtis Lazar 11 (Ryan Lomberg 13, Nicolas Petan 16) at 11:13 (PP)
7. Canucks , Ryan Lomberg 11 (Nicolas Petan 17) at 15:32
Penalties :
Ilya Lyubushkin (Uti) for Close Hand On Puck (Minor) at 3:07, Dan Renouf (Abb) for High sticking (Minor) at 8:38, Conor Garland (Uti) for Cross-checking (Minor) at 11:08, Adam Ollas-Mattsson (Abb) for Holding (Minor) at 12:58
2nd period
8. Comets , Brett Howden 5 (Conor Garland 10, Ilya Lyubushkin 6) at 10:55
9. Comets , John Hayden 4 (Cristiano Digiacinto 3) at 14:23
10. Canucks , C.J. Smith 5 (Lane Pederson 4, William Lockwood 5) at 16:40
Penalties :
Mackenzie MacEachern (Abb) for Slashing (Minor) at 11:28
3rd period
11. Comets , Joonas Donskoi 8 (Mason Marchment 5, Brett Seney 8) at 1:34
12. Comets , Alexandre Texier 6 (John Hayden 5, Cristiano Digiacinto 4) at 2:36
13. Comets , Brett Howden 6 (Wyatt Kalynuk 2) at 3:35 (SH)
Penalties :
Joonas Donskoi (Uti) for Interference (Minor) at 2:51, Adam Ollas-Mattsson (Abb) for Slashing (Minor) at 13:11, Will Borgen (Abb) for Interference (Minor) at 16:37
Goalie Stats
Akira Schmid (Uti), 21 saves from 23 shots - (0.913), W, 2-1-0, 48:47 minutes
Juuse Saros (Uti), 7 saves from 11 shots - (0.636), 11:13 minutes
Thatcher Demko (Abb), 42 saves from 49 shots - (0.857), L, 5-4-0, 59:40 minutes
Players Stats for Comets
Player Name G A P +/- PIM S H SB GA TA FO MP PP MP PK MP
------------------------------------------------------------------------------------
Alex Turcotte 0 0 0 -1 0 0 0 0 0 0 0/0 8:30 0:00 0:00
Alexandre Texier 1 1 2 3 0 2 2 0 0 0 0/1 12:47 0:32 0:00
Brett Howden 2 0 2 1 0 5 1 0 0 0 5/13 17:23 3:51 0:33
Brett Seney 0 1 1 -1 0 3 1 3 3 0 12/37 21:05 3:49 1:36
Christian Wolanin 0 0 0 0 0 4 0 3 1 0 0/0 23:22 4:47 1:36
Conor Garland 0 1 1 0 2 6 1 0 2 0 0/0 17:51 3:51 0:00
Cristiano Digiacinto 0 3 3 4 0 1 1 0 0 0 0/0 15:29 3:48 0:38
David Kase 0 0 0 -1 0 2 2 0 0 0 0/0 10:06 0:17 0:00
Eeli Tolvanen 0 0 0 0 0 1 3 0 0 0 0/1 15:05 0:17 0:00
Filip Roos 0 0 0 0 0 0 0 0 0 0 0/0 4:34 0:00 0:00
Ilya Lyubushkin 0 2 2 0 2 1 3 1 2 1 0/0 26:52 4:47 1:26
Jake Bean 0 0 0 1 0 2 0 0 0 0 0/0 19:29 3:22 0:38
John Hayden 2 1 3 3 0 4 1 0 0 0 3/4 10:35 0:00 0:05
Joonas Donskoi 2 0 2 -1 2 8 0 1 0 0 0/0 19:30 4:01 0:00
Marcus Bjork 0 0 0 1 0 2 0 0 0 1 0/0 13:38 0:00 0:10
Mason Marchment 0 2 2 -1 0 4 0 0 0 0 0/0 20:53 4:01 1:36
Nicolas Roy 0 0 0 -1 0 2 0 1 0 0 2/4 8:30 0:00 0:00
Vincent Desharnais 0 0 0 1 0 0 1 1 0 1 0/0 12:35 0:00 0:00
Wyatt Kalynuk 0 1 1 1 0 2 0 0 1 3 0/0 19:29 3:22 0:38
Players Stats for Canucks
Player Name G A P +/- PIM S H SB GA TA FO MP PP MP PK MP
------------------------------------------------------------------------------------
Adam Ollas-Mattsson 0 0 0 0 4 2 3 1 1 2 0/0 25:50 1:27 2:19
Aleksi Heponiemi 0 0 0 0 0 0 1 0 0 0 4/6 10:15 0:00 0:00
Axel Holmstrom 0 0 0 -1 0 5 3 0 0 0 7/10 16:17 0:57 2:15
C.J. Smith 1 0 1 -2 0 2 0 0 0 1 0/0 7:27 0:00 0:15
Curtis Lazar 2 1 3 1 0 4 3 0 0 0 1/1 20:28 1:17 0:00
Dan Renouf 0 1 1 0 2 0 2 1 0 3 0/0 27:00 1:27 4:48
Daniel Zaar 0 1 1 -1 0 1 1 0 1 1 1/1 13:17 0:57 0:00
Daniil Miromanov 0 0 0 -3 0 2 3 2 0 0 0/0 20:49 0:47 3:31
Guillaume Brisebois 0 0 0 1 0 0 0 0 0 0 0/0 14:56 0:00 2:53
Juho Lammikko 1 0 1 0 0 3 0 1 1 0 0/0 12:19 0:00 2:04
Lane Pederson 0 1 1 -2 0 2 0 0 0 1 1/3 7:12 0:00 0:00
Mackenzie MacEachern 0 0 0 0 2 2 2 0 2 0 0/0 12:00 0:00 1:30
Nicolas Petan 1 2 3 1 0 4 1 1 0 0 22/36 24:31 1:17 3:53
Ryan Lomberg 1 3 4 1 0 5 1 3 1 0 2/3 24:08 1:17 3:46
Trevor Moore 0 0 0 -1 0 1 1 0 0 0 0/0 16:37 0:57 2:35
Will Borgen 0 0 0 1 2 0 1 1 0 0 0/0 12:03 0:00 0:00
William Lagesson 0 1 1 -3 0 1 0 2 0 1 0/0 19:25 0:47 2:47
William Lockwood 0 1 1 -2 0 0 0 0 0 0 0/0 7:12 0:00 0:00
3 Stars
1 - John Hayden (Uti)
2 - Curtis Lazar (Abb)
3 - Ryan Lomberg (Abb)
Power Play
Comets - 1 on 5 Attempt(s) - 20.00%
Canucks - 2 on 3 Attempt(s) - 66.67%
Penalty Kill
Comets - 1 on 3 Attempt(s) - 33.33%
- Score 1 goal in Penalty Kill
Canucks - 4 on 5 Attempt(s) - 80.00%
- Score 0 goal in Penalty Kill
Team Stat
Comets - Hits : 16 - Faceoff Wins : 22 - Blocked Shots : 10 - Penalty Minutes : 6
Canucks - Hits : 22 - Faceoff Wins : 38 - Blocked Shots : 12 - Penalty Minutes : 10
Official
Referees : Pierre Lambert and Reid Anderson
Linesman : Shandor Alphonso and Greg Devorski
Game Notes
Akira Schmid enters game at 11:13 of 1st period
Finance
Level 1 -- Attendance: 1889 (94.45%) -- Ticket Income $132,230
Level 2 -- Attendance: 913 (91.30%) -- Ticket Income $36,520
Total Attendance: 2802 (93.40%)
Total Ticket Income: $168,750
Other Income: $8,438
Total Income: $177,188
Comets
5 vs 5 Forward
Center Left Wing Right Wing Time % Phy DF OF
1 Brett Seney Mason Marchment Joonas Donskoi 35 0 2 3
2 Brett Howden Eeli Tolvanen Conor Garland 28 0 2 3
3 John Hayden Cristiano Digiacinto Alexandre Texier 22 0 2 3
4 Nicolas Roy Alex Turcotte David Kase 15 0 2 3
5 vs 5 Defense
Defense Defense Time % Phy DF OF
1 Ilya Lyubushkin Christian Wolanin 35 1 3 1
2 Jake Bean Wyatt Kalynuk 30 1 3 1
3 Marcus Bjork Vincent Desharnais 25 1 3 1
4 Filip Roos Ilya Lyubushkin 10 1 3 1
PowerPlay Forward
Center Left Wing Right Wing Time % Phy DF OF
1 Brett Seney Mason Marchment Joonas Donskoi 60 0 0 5
2 Brett Howden Cristiano Digiacinto Conor Garland 40 0 0 5
PowerPlay Defense
Defense Defense Time % Phy DF OF
1 Ilya Lyubushkin Christian Wolanin 60 0 2 3
2 Jake Bean Wyatt Kalynuk 40 0 2 3
Penalty Kill 4 Players Forward
Center Wing Time % Phy DF OF
1 Brett Seney Mason Marchment 60 1 3 1
2 Brett Howden Cristiano Digiacinto 40 1 3 1
Penalty Kill 4 Players Defense
Defense Defense Time % Phy DF OF
1 Ilya Lyubushkin Christian Wolanin 60 1 4 0
2 Jake Bean Wyatt Kalynuk 40 1 4 0
Penalty Kill - 3 Players Forward
Forward Time % Phy DF OF
1 Brett Seney 60 1 3 1
2 Brett Howden 40 1 3 1
Penalty Kill - 3 Players Defense
Defense Defense Time % Phy DF OF
1 Ilya Lyubushkin Christian Wolanin 60 1 4 0
2 Jake Bean Wyatt Kalynuk 40 1 4 0
4 vs 4 Forward
Center Wing Time % Phy DF OF
1 Brett Seney Mason Marchment 60 0 2 3
2 Brett Howden Cristiano Digiacinto 40 0 2 3
4 vs 4 Defense
Defense Defense Time % Phy DF OF
1 Ilya Lyubushkin Christian Wolanin 60 0 3 2
2 Jake Bean Wyatt Kalynuk 40 0 3 2
Last Minutes Offensive
Center Left Wing Right Wing Defense Defense
Brett Seney Mason Marchment Conor Garland Ilya Lyubushkin Christian Wolanin
Last Minutes Defensive
Center Left Wing Right Wing Defense Defense
Brett Seney Mason Marchment Conor Garland Ilya Lyubushkin Christian Wolanin
Goaltenders
Starting : Juuse Saros
Backup : Akira Schmid
Extra Forwards
Normal : Brett Howden, Alexandre Texier, Cristiano Digiacinto - PP : Brett Howden, Alexandre Texier - PK : Brett Howden
Extra Defensemen
Normal : Marcus Bjork, Vincent Desharnais, Filip Roos - PP : Marcus Bjork - PK : Marcus Bjork, Vincent Desharnais
Penalty Shots
Conor Garland, Brett Seney, Joonas Donskoi, Mason Marchment, Brett Howden
Custom OT Lines Forwards
Conor Garland, Brett Seney, Joonas Donskoi, Mason Marchment, Brett Howden, Alexandre Texier, Cristiano Digiacinto, Eeli Tolvanen, John Hayden, David Kase
Custom OT Lines Defensemen
Ilya Lyubushkin, Christian Wolanin, Jake Bean, Wyatt Kalynuk, Marcus Bjork
Scratches
Valeri Nichushkin (Back Spasms Injury), Nikita Nesterenko (Healthy), Graeme Clarke (Healthy)
Canucks
5 vs 5 Forward
Center Left Wing Right Wing Time % Phy DF OF
1 Nicolas Petan Ryan Lomberg Curtis Lazar 61 0 0 5
2 Axel Holmstrom Trevor Moore Daniel Zaar 25 1 2 2
3 Aleksi Heponiemi Mackenzie MacEachern Juho Lammikko 10 1 2 2
4 Lane Pederson C.J. Smith William Lockwood 4 1 2 2
5 vs 5 Defense
Defense Defense Time % Phy DF OF
1 Adam Ollas-Mattsson Dan Renouf 56 1 2 2
2 William Lagesson Daniil Miromanov 30 1 2 2
3 Guillaume Brisebois Will Borgen 10 1 2 2
4 Adam Ollas-Mattsson Dan Renouf 4 1 2 2
PowerPlay Forward
Center Left Wing Right Wing Time % Phy DF OF
1 Nicolas Petan Ryan Lomberg Curtis Lazar 60 0 0 5
2 Axel Holmstrom Trevor Moore Daniel Zaar 40 0 0 5
PowerPlay Defense
Defense Defense Time % Phy DF OF
1 Adam Ollas-Mattsson Dan Renouf 60 0 0 5
2 William Lagesson Daniil Miromanov 40 0 0 5
Penalty Kill 4 Players Forward
Center Wing Time % Phy DF OF
1 Nicolas Petan Ryan Lomberg 60 3 2 0
2 Axel Holmstrom Trevor Moore 40 3 2 0
Penalty Kill 4 Players Defense
Defense Defense Time % Phy DF OF
1 Adam Ollas-Mattsson Dan Renouf 60 2 3 0
2 William Lagesson Daniil Miromanov 40 2 3 0
Penalty Kill - 3 Players Forward
Forward Time % Phy DF OF
1 Nicolas Petan 60 3 2 0
2 Curtis Lazar 40 3 2 0
Penalty Kill - 3 Players Defense
Defense Defense Time % Phy DF OF
1 Adam Ollas-Mattsson Dan Renouf 60 3 2 0
2 William Lagesson Daniil Miromanov 40 2 3 0
4 vs 4 Forward
Center Wing Time % Phy DF OF
1 Nicolas Petan Ryan Lomberg 60 0 0 5
2 Axel Holmstrom Trevor Moore 40 1 2 2
4 vs 4 Defense
Defense Defense Time % Phy DF OF
1 Adam Ollas-Mattsson Dan Renouf 60 1 2 2
2 William Lagesson Daniil Miromanov 40 1 2 2
Last Minutes Offensive
Center Left Wing Right Wing Defense Defense
Nicolas Petan Ryan Lomberg Curtis Lazar Adam Ollas-Mattsson Dan Renouf
Last Minutes Defensive
Center Left Wing Right Wing Defense Defense
Nicolas Petan Ryan Lomberg Curtis Lazar Adam Ollas-Mattsson Dan Renouf
Goaltenders
Starting : Thatcher Demko
Backup : Casey DeSmith
Extra Forwards
Normal : Juho Lammikko, Trevor Moore, Axel Holmstrom - PP : Juho Lammikko, Trevor Moore - PK : Juho Lammikko
Extra Defensemen
Normal : Daniil Miromanov, Guillaume Brisebois, Will Borgen - PP : Daniil Miromanov - PK : Daniil Miromanov, Guillaume Brisebois
Penalty Shots
Curtis Lazar, Daniel Zaar, Ryan Lomberg, Nicolas Petan, Juho Lammikko
Custom OT Lines Forwards
Curtis Lazar, Daniel Zaar, Ryan Lomberg, Nicolas Petan, Juho Lammikko, Trevor Moore, Axel Holmstrom, Mackenzie MacEachern, C.J. Smith, William Lockwood
Custom OT Lines Defensemen
Adam Ollas-Mattsson, Dan Renouf, William Lagesson, Daniil Miromanov, Guillaume Brisebois
Scratches
Charles Hudon (Healthy), Brandon Saigeon (Healthy), Jay O'Brien (Healthy), Jack Rathbone (Healthy), Tobias Lindberg (Healthy)
Rasmus Asplund (Healthy), Aku Raty (Healthy), Jake Paterson (Healthy), Marek Langhamer (Healthy)
% Time on Ice - Comets
Lines # - Real PCT - Wanted PCT - Time Play
Normal Forward
1 - 34% - 35% - 16:20
2 - 28% - 28% - 13:43
3 - 20% - 22% - 9:56
4 - 18% - 15% - 8:30
Normal Defense
1 - 33% - 35% - 15:57
2 - 32% - 30% - 15:23
3 - 26% - 25% - 12:35
4 - 9% - 10% - 4:34
PP Forward
1 - 53% - 60% - 4:18
2 - 47% - 40% - 3:51
PP Defense
1 - 59% - 60% - 4:47
2 - 41% - 40% - 3:22
PK Forward
1 - 75% - 60% - 1:41
2 - 25% - 40% - 0:33
PK Defense
1 - 72% - 60% - 1:36
2 - 28% - 40% - 0:38
PK3 Forward
1 - 0% - 60%
2 - 0% - 40%
PK3 Defense
1 - 0% - 60%
2 - 0% - 40%
44 Forward
1 - 0% - 60%
2 - 0% - 40%
44 Defense
1 - 0% - 60%
2 - 0% - 40%
Last Minute Offensive - 0:00
Last Minute Defensive - 1:08
Total
Forward - 60:00
Defense - 60:00
|
% Time on Ice - Canucks
Lines # - Real PCT - Wanted PCT - Time Play
Normal Forward
1 - 38% - 61% - 18:12
2 - 26% - 25% - 12:49
3 - 21% - 10% - 10:15
4 - 15% - 4% - 7:12
Normal Defense
1 - 44% - 56% - 21:17
2 - 33% - 30% - 16:01
3 - 23% - 10% - 11:10
4 - 0% - 4% - 0:00
PP Forward
1 - 57% - 60% - 1:17
2 - 43% - 40% - 0:57
PP Defense
1 - 65% - 60% - 1:27
2 - 35% - 40% - 0:47
PK Forward
1 - 72% - 60% - 5:54
2 - 28% - 40% - 2:15
PK Defense
1 - 66% - 60% - 5:22
2 - 34% - 40% - 2:47
PK3 Forward
1 - 0% - 60%
2 - 0% - 40%
PK3 Defense
1 - 0% - 60%
2 - 0% - 40%
44 Forward
1 - 0% - 60%
2 - 0% - 40%
44 Defense
1 - 0% - 60%
2 - 0% - 40%
Last Minute Offensive - 1:09
Last Minute Defensive - 0:00
Total
Forward - 60:00
Defense - 60:00
|
Play-by-Play
1st period
0:01 of 1st period - Nicolas Petan wins face-off versus Brett Seney in neutral zone.
0:12 of 1st period - Slapshot by Mason Marchment.
0:12 of 1st period - Stopped by Thatcher Demko without a rebound.
0:13 of 1st period - Axel Holmstrom wins face-off versus Brett Howden in Canucks zone.
0:22 of 1st period - Snap shot by Daniel Zaar.
0:22 of 1st period - Shot Misses the Net.
0:24 of 1st period - Backhand shot by William Lagesson.
0:24 of 1st period - Stopped by Juuse Saros with a rebound.
0:38 of 1st period - Nicolas Petan is hit by Cristiano Digiacinto and loses puck.
1:44 of 1st period - Snap shot by Brett Howden.
1:44 of 1st period - Stopped by Thatcher Demko without a rebound.
1:45 of 1st period - Axel Holmstrom wins face-off versus Brett Howden in Canucks zone.
1:56 of 1st period - Snap shot by Trevor Moore.
1:56 of 1st period - Shot Misses the Net.
2:00 of 1st period - Snap shot by Daniel Zaar.
2:00 of 1st period - Shot Blocked by Ilya Lyubushkin.
2:12 of 1st period - Ryan Lomberg is hit by Ilya Lyubushkin and loses puck.
2:17 of 1st period - Wrist shot by Brett Seney.
2:17 of 1st period - Shot Misses the Net.
2:19 of 1st period - Wrist shot by Joonas Donskoi.
2:19 of 1st period - Shot Misses the Net.
3:07 of 1st period - Minor Penalty to Ilya Lyubushkin for Close Hand On Puck.
3:08 of 1st period - Nicolas Petan wins face-off versus Brett Seney in Comets zone.
3:11 of 1st period - Snap shot by Ryan Lomberg.
3:11 of 1st period - Shot Blocked by Christian Wolanin.
3:13 of 1st period - Snap shot by Curtis Lazar.
3:13 of 1st period - Shot Blocked by Christian Wolanin.
3:15 of 1st period - Snap shot by Nicolas Petan.
3:15 of 1st period - Shot Blocked by Brett Seney.
3:17 of 1st period - Wrist shot by Nicolas Petan.
3:17 of 1st period - Goal by Nicolas Petan - Comets : 0 - Canucks : 1.
3:18 of 1st period - Nicolas Petan wins face-off versus Brett Seney in neutral zone.
3:21 of 1st period - Wrist shot by Ryan Lomberg.
3:21 of 1st period - Stopped by Juuse Saros without a rebound.
3:22 of 1st period - Brett Seney wins face-off versus Nicolas Petan in Comets zone.
4:00 of 1st period - Daniel Zaar is hit by Ilya Lyubushkin and loses puck.
4:39 of 1st period - Wrist shot by Curtis Lazar.
4:39 of 1st period - Shot Misses the Net.
4:55 of 1st period - Wrist shot by Mason Marchment.
4:55 of 1st period - Stopped by Thatcher Demko without a rebound.
4:56 of 1st period - Brett Howden wins face-off versus Nicolas Petan in Canucks zone.
4:57 of 1st period - Snap shot by Conor Garland.
4:57 of 1st period - Stopped by Thatcher Demko without a rebound.
4:58 of 1st period - Brett Howden wins face-off versus Nicolas Petan in Canucks zone.
5:07 of 1st period - Curtis Lazar is hit by Brett Howden and loses puck.
5:53 of 1st period - Off-side.
5:54 of 1st period - Nicolas Petan wins face-off versus Brett Seney in neutral zone.
6:05 of 1st period - Snap shot by Nicolas Petan.
6:05 of 1st period - Stopped by Juuse Saros without a rebound.
6:06 of 1st period - Brett Howden wins face-off versus Nicolas Petan in Comets zone.
6:06 of 1st period - Brett Howden is hit by Nicolas Petan.
6:16 of 1st period - Wrist shot by Brett Howden.
6:16 of 1st period - Deflect By Eeli Tolvanen.
6:16 of 1st period - Shot Blocked by Nicolas Petan.
6:16 of 1st period - Puck is out of play.
6:17 of 1st period - Nicolas Petan wins face-off versus Brett Seney in Canucks zone.
6:27 of 1st period - Snap shot by Joonas Donskoi.
6:27 of 1st period - Stopped by Thatcher Demko without a rebound.
6:28 of 1st period - John Hayden wins face-off versus Nicolas Petan in Canucks zone.
6:39 of 1st period - John Hayden is hit by Curtis Lazar and loses puck.
7:01 of 1st period - Slapshot by Axel Holmstrom.
7:01 of 1st period - Stopped by Juuse Saros without a rebound.
7:02 of 1st period - Brett Seney wins face-off versus Nicolas Petan in Comets zone.
7:13 of 1st period - Slapshot by Brett Seney.
7:13 of 1st period - Stopped by Thatcher Demko with a rebound.
7:15 of 1st period - Slapshot by Christian Wolanin.
7:15 of 1st period - Deflect By Mason Marchment.
7:15 of 1st period - Stopped by Thatcher Demko with a rebound.
8:15 of 1st period - Wrist shot by John Hayden.
8:15 of 1st period - Stopped by Thatcher Demko with a rebound.
8:17 of 1st period - Wrist shot by Cristiano Digiacinto.
8:17 of 1st period - Shot Misses the Net.
8:19 of 1st period - Slapshot by John Hayden.
8:19 of 1st period - Goal by John Hayden - Comets : 1 - Canucks : 1.
8:20 of 1st period - Ryan Lomberg wins face-off versus Brett Seney in neutral zone.
8:38 of 1st period - Minor Penalty to Dan Renouf for High sticking.
8:39 of 1st period - Brett Seney wins face-off versus Ryan Lomberg in Canucks zone.
8:49 of 1st period - Snap shot by Mason Marchment.
8:49 of 1st period - Shot Misses the Net.
8:51 of 1st period - Slapshot by Joonas Donskoi.
8:51 of 1st period - Goal by Joonas Donskoi - Comets : 2 - Canucks : 1.
8:52 of 1st period - Nicolas Petan wins face-off versus Brett Seney in neutral zone.
9:01 of 1st period - Snap shot by Nicolas Petan.
9:01 of 1st period - Shot Hit the Post.
9:22 of 1st period - Cristiano Digiacinto is hit by Curtis Lazar.
9:46 of 1st period - Snap shot by Nicolas Roy.
9:46 of 1st period - Stopped by Thatcher Demko with a rebound.
9:48 of 1st period - Snap shot by Wyatt Kalynuk.
9:48 of 1st period - Shot Misses the Net.
10:07 of 1st period - Icing by Trevor Moore.
10:08 of 1st period - Brett Seney wins face-off versus Axel Holmstrom in Canucks zone.
10:09 of 1st period - Snap shot by Joonas Donskoi.
10:09 of 1st period - Stopped by Thatcher Demko with a rebound.
10:35 of 1st period - Snap shot by Juho Lammikko.
10:35 of 1st period - Goal by Juho Lammikko - Comets : 2 - Canucks : 2.
10:36 of 1st period - Daniel Zaar wins face-off versus Brett Howden in neutral zone.
10:49 of 1st period - Slapshot by Trevor Moore.
10:49 of 1st period - Deflect By Axel Holmstrom.
10:49 of 1st period - Shot Misses the Net.
10:49 of 1st period - Puck is out of play.
10:50 of 1st period - Nicolas Petan wins face-off versus Brett Seney in Comets zone.
10:51 of 1st period - Slapshot by Curtis Lazar.
10:51 of 1st period - Shot Misses the Net.
10:53 of 1st period - Wrist shot by Nicolas Petan.
10:53 of 1st period - Shot Blocked by Brett Seney.
10:55 of 1st period - Snap shot by Nicolas Petan.
10:55 of 1st period - Shot Blocked by Brett Seney.
10:57 of 1st period - Slapshot by Adam Ollas-Mattsson.
10:57 of 1st period - Deflect By Ryan Lomberg.
10:57 of 1st period - Stopped by Juuse Saros with a rebound.
10:59 of 1st period - Backhand shot by Adam Ollas-Mattsson.
10:59 of 1st period - Stopped by Juuse Saros with a rebound.
11:03 of 1st period - Wrist shot by Ryan Lomberg.
11:03 of 1st period - Stopped by Juuse Saros with a rebound.
11:05 of 1st period - Snap shot by Curtis Lazar.
11:05 of 1st period - Goal by Curtis Lazar - Comets : 2 - Canucks : 3.
11:06 of 1st period - Brett Howden wins face-off versus Nicolas Petan in neutral zone.
11:08 of 1st period - Minor Penalty to Conor Garland for Cross-checking.
11:09 of 1st period - Nicolas Petan wins face-off versus Brett Seney in Comets zone.
11:13 of 1st period - Snap shot by Curtis Lazar.
11:13 of 1st period - Goal by Curtis Lazar - Comets : 2 - Canucks : 4.
11:13 of 1st period - Akira Schmid enters game.
11:14 of 1st period - Nicolas Petan wins face-off versus John Hayden in neutral zone.
11:30 of 1st period - Wrist shot by John Hayden.
11:30 of 1st period - Shot Misses the Net.
11:40 of 1st period - Dan Renouf is hit by Conor Garland.
12:20 of 1st period - Icing by Guillaume Brisebois.
12:21 of 1st period - Nicolas Roy wins face-off versus Axel Holmstrom in Canucks zone.
12:36 of 1st period - Slapshot by Conor Garland.
12:36 of 1st period - Stopped by Thatcher Demko without a rebound.
12:37 of 1st period - Brett Seney wins face-off versus Aleksi Heponiemi in Canucks zone.
12:58 of 1st period - Minor Penalty to Adam Ollas-Mattsson for Holding.
12:59 of 1st period - Nicolas Petan wins face-off versus Brett Seney in Canucks zone.
14:47 of 1st period - Conor Garland is hit by Axel Holmstrom and loses puck.
14:58 of 1st period - Penalty to Adam Ollas-Mattsson is over, Adam Ollas-Mattsson is back on ice.
15:06 of 1st period - Icing by Dan Renouf.
15:07 of 1st period - Axel Holmstrom wins face-off versus Nicolas Roy in Canucks zone.
15:20 of 1st period - Slapshot by Axel Holmstrom.
15:20 of 1st period - Stopped by Akira Schmid with a rebound.
15:22 of 1st period - Slapshot by Adam Ollas-Mattsson.
15:22 of 1st period - Stopped by Akira Schmid with a rebound.
15:24 of 1st period - Snap shot by Will Borgen.
15:24 of 1st period - Shot Misses the Net.
15:26 of 1st period - Wrist shot by Axel Holmstrom.
15:26 of 1st period - Stopped by Akira Schmid without a rebound.
15:27 of 1st period - Nicolas Petan wins face-off versus Brett Seney in Comets zone.
15:32 of 1st period - Slapshot by Ryan Lomberg.
15:32 of 1st period - Goal by Ryan Lomberg - Comets : 2 - Canucks : 5.
15:33 of 1st period - Nicolas Petan wins face-off versus Brett Seney in neutral zone.
15:36 of 1st period - Wrist shot by Ryan Lomberg.
15:36 of 1st period - Stopped by Akira Schmid without a rebound.
15:37 of 1st period - Brett Seney wins face-off versus Nicolas Petan in Comets zone.
15:48 of 1st period - Snap shot by Joonas Donskoi.
15:48 of 1st period - Stopped by Thatcher Demko with a rebound.
15:50 of 1st period - Wrist shot by Brett Seney.
15:50 of 1st period - Shot Misses the Net.
15:52 of 1st period - Slapshot by Jake Bean.
15:52 of 1st period - Stopped by Thatcher Demko with a rebound.
17:37 of 1st period - Snap shot by Juho Lammikko.
17:37 of 1st period - Shot Blocked by Vincent Desharnais.
17:39 of 1st period - Wrist shot by Juho Lammikko.
17:39 of 1st period - Shot Misses the Net.
17:41 of 1st period - Snap shot by Guillaume Brisebois.
17:41 of 1st period - Shot Misses the Net.
17:43 of 1st period - Slapshot by Will Borgen.
17:43 of 1st period - Shot Misses the Net.
18:17 of 1st period - Wrist shot by Nicolas Petan.
18:17 of 1st period - Shot Misses the Net.
18:19 of 1st period - Wrist shot by Curtis Lazar.
18:19 of 1st period - Stopped by Akira Schmid with a rebound.
19:37 of 1st period - Slapshot by Joonas Donskoi.
19:37 of 1st period - Stopped by Thatcher Demko without a rebound.
19:38 of 1st period - Axel Holmstrom wins face-off versus Brett Seney in Canucks zone.
19:47 of 1st period - Backhand shot by Daniel Zaar.
19:47 of 1st period - Stopped by Akira Schmid with a rebound.
Goals for this period are 2 for Comets vs 5 for Canucks.
Shots for this period are 16 for Comets vs 18 for Canucks.
2nd period
0:01 of 2nd period - Nicolas Petan wins face-off versus Brett Seney in neutral zone.
0:56 of 2nd period - Snap shot by John Hayden.
0:56 of 2nd period - Shot Blocked by Juho Lammikko.
1:34 of 2nd period - Wrist shot by Lane Pederson.
1:34 of 2nd period - Stopped by Akira Schmid with a rebound.
1:36 of 2nd period - Wrist shot by William Lagesson.
1:36 of 2nd period - Shot Misses the Net.
2:55 of 2nd period - Slapshot by Joonas Donskoi.
2:55 of 2nd period - Stopped by Thatcher Demko with a rebound.
3:21 of 2nd period - Wrist shot by Axel Holmstrom.
3:21 of 2nd period - Stopped by Akira Schmid with a rebound.
3:37 of 2nd period - Wrist shot by Curtis Lazar.
3:37 of 2nd period - Shot Hit the Post.
3:39 of 2nd period - Wrist shot by Nicolas Petan.
3:39 of 2nd period - Stopped by Akira Schmid with a rebound.
4:02 of 2nd period - Snap shot by Lane Pederson.
4:02 of 2nd period - Shot Blocked by Nicolas Roy.
4:22 of 2nd period - Snap shot by Mackenzie MacEachern.
4:22 of 2nd period - Stopped by Akira Schmid without a rebound.
4:23 of 2nd period - Nicolas Petan wins face-off versus Brett Seney in Comets zone.
4:26 of 2nd period - Slapshot by Ryan Lomberg.
4:26 of 2nd period - Shot Misses the Net.
4:51 of 2nd period - Backhand shot by John Hayden.
4:51 of 2nd period - Stopped by Thatcher Demko with a rebound.
6:12 of 2nd period - Ryan Lomberg is hit by John Hayden and loses puck.
6:19 of 2nd period - Alexandre Texier is hit by Will Borgen and loses puck.
6:32 of 2nd period - Snap shot by Axel Holmstrom.
6:32 of 2nd period - Shot Blocked by Christian Wolanin.
8:12 of 2nd period - Brett Seney is hit by Mackenzie MacEachern.
9:15 of 2nd period - Adam Ollas-Mattsson is hit by David Kase.
9:19 of 2nd period - Jake Bean is hit by Daniel Zaar and loses puck.
9:26 of 2nd period - Slapshot by Christian Wolanin.
9:26 of 2nd period - Stopped by Thatcher Demko without a rebound.
9:27 of 2nd period - Aleksi Heponiemi wins face-off versus Brett Seney in Canucks zone.
9:42 of 2nd period - Christian Wolanin is hit by Aleksi Heponiemi and loses puck.
9:59 of 2nd period - Icing by Ryan Lomberg.
10:00 of 2nd period - Nicolas Petan wins face-off versus Brett Howden in Canucks zone.
10:11 of 2nd period - Wrist shot by Brett Howden.
10:11 of 2nd period - Shot Misses the Net.
10:13 of 2nd period - Slapshot by Wyatt Kalynuk.
10:13 of 2nd period - Deflect By Conor Garland.
10:13 of 2nd period - Stopped by Thatcher Demko with a rebound.
10:15 of 2nd period - Slapshot by Wyatt Kalynuk.
10:15 of 2nd period - Shot Blocked by Ryan Lomberg.
10:17 of 2nd period - Slapshot by Wyatt Kalynuk.
10:17 of 2nd period - Shot Blocked by William Lagesson.
10:19 of 2nd period - Wrist shot by Brett Howden.
10:19 of 2nd period - Shot Blocked by Ryan Lomberg.
10:21 of 2nd period - Wrist shot by Conor Garland.
10:21 of 2nd period - Stopped by Thatcher Demko with a rebound.
10:23 of 2nd period - Wrist shot by Eeli Tolvanen.
10:23 of 2nd period - Stopped by Thatcher Demko with a rebound.
10:55 of 2nd period - Snap shot by Brett Howden.
10:55 of 2nd period - Goal by Brett Howden - Comets : 3 - Canucks : 5.
10:56 of 2nd period - Brett Seney wins face-off versus Axel Holmstrom in neutral zone.
11:28 of 2nd period - Minor Penalty to Mackenzie MacEachern for Slashing.
11:29 of 2nd period - Nicolas Petan wins face-off versus Brett Seney in Canucks zone.
11:45 of 2nd period - Slapshot by Christian Wolanin.
11:45 of 2nd period - Stopped by Thatcher Demko with a rebound.
12:37 of 2nd period - Jake Bean is hit by Daniil Miromanov and loses puck.
13:28 of 2nd period - Penalty to Mackenzie MacEachern is over, Mackenzie MacEachern is back on ice.
13:43 of 2nd period - Wrist shot by Mackenzie MacEachern.
13:43 of 2nd period - Stopped by Akira Schmid without a rebound.
13:44 of 2nd period - Nicolas Roy wins face-off versus Lane Pederson in Comets zone.
13:59 of 2nd period - Slapshot by C.J. Smith.
13:59 of 2nd period - Stopped by Akira Schmid with a rebound.
14:23 of 2nd period - Backhand shot by John Hayden.
14:23 of 2nd period - Goal by John Hayden - Comets : 4 - Canucks : 5.
14:24 of 2nd period - Nicolas Petan wins face-off versus Brett Seney in neutral zone.
14:27 of 2nd period - Joonas Donskoi is hit by Curtis Lazar and loses puck.
14:46 of 2nd period - Brett Seney is hit by Dan Renouf and loses puck.
15:27 of 2nd period - Wrist shot by Joonas Donskoi.
15:27 of 2nd period - Stopped by Thatcher Demko with a rebound.
15:29 of 2nd period - Slapshot by Ilya Lyubushkin.
15:29 of 2nd period - Stopped by Thatcher Demko with a rebound.
15:51 of 2nd period - Slapshot by Curtis Lazar.
15:51 of 2nd period - Stopped by Akira Schmid without a rebound.
15:52 of 2nd period - Axel Holmstrom wins face-off versus Brett Howden in Comets zone.
16:17 of 2nd period - William Lagesson is hit by Alexandre Texier and loses puck.
16:40 of 2nd period - Snap shot by Lane Pederson.
16:40 of 2nd period - Deflect By C.J. Smith.
16:40 of 2nd period - Goal by C.J. Smith - Comets : 4 - Canucks : 6.
16:41 of 2nd period - Axel Holmstrom wins face-off versus Brett Howden in neutral zone.
16:44 of 2nd period - Snap shot by Trevor Moore.
16:44 of 2nd period - Stopped by Akira Schmid without a rebound.
16:45 of 2nd period - Axel Holmstrom wins face-off versus Eeli Tolvanen in Comets zone.
16:50 of 2nd period - Slapshot by Daniel Zaar.
16:50 of 2nd period - Deflect By Axel Holmstrom.
16:50 of 2nd period - Stopped by Akira Schmid with a rebound.
17:36 of 2nd period - Wrist shot by Juho Lammikko.
17:36 of 2nd period - Shot Misses the Net.
17:38 of 2nd period - Wrist shot by Daniil Miromanov.
17:38 of 2nd period - Deflect By Mason Marchment.
17:38 of 2nd period - Stopped by Akira Schmid with a rebound.
17:40 of 2nd period - Slapshot by Daniil Miromanov.
17:40 of 2nd period - Stopped by Akira Schmid with a rebound.
18:17 of 2nd period - Backhand shot by Brett Howden.
18:17 of 2nd period - Stopped by Thatcher Demko with a rebound.
18:19 of 2nd period - Slapshot by Brett Howden.
18:19 of 2nd period - Stopped by Thatcher Demko with a rebound.
18:21 of 2nd period - Slapshot by Christian Wolanin.
18:21 of 2nd period - Stopped by Thatcher Demko without a rebound.
18:22 of 2nd period - Brett Seney wins face-off versus Nicolas Petan in Canucks zone.
18:33 of 2nd period - Snap shot by Joonas Donskoi.
18:33 of 2nd period - Shot Blocked by Will Borgen.
18:35 of 2nd period - Slapshot by Jake Bean.
18:35 of 2nd period - Stopped by Thatcher Demko with a rebound.
18:37 of 2nd period - Snap shot by Wyatt Kalynuk.
18:37 of 2nd period - Stopped by Thatcher Demko with a rebound.
18:47 of 2nd period - Wyatt Kalynuk is hit by Axel Holmstrom and loses puck.
19:23 of 2nd period - Icing by Marcus Bjork.
19:24 of 2nd period - Lane Pederson wins face-off versus Nicolas Roy in Comets zone.
19:31 of 2nd period - Wrist shot by Lane Pederson.
19:31 of 2nd period - Stopped by Akira Schmid without a rebound.
19:32 of 2nd period - Nicolas Petan wins face-off versus Brett Seney in Comets zone.
19:37 of 2nd period - Snap shot by Nicolas Petan.
19:37 of 2nd period - Stopped by Akira Schmid with a rebound.
19:45 of 2nd period - Wrist shot by Ryan Lomberg.
19:45 of 2nd period - Shot Hit the Post.
Goals for this period are 2 for Comets vs 1 for Canucks.
Shots for this period are 16 for Comets vs 14 for Canucks.
3rd period
0:01 of 3rd period - Brett Seney wins face-off versus Nicolas Petan in neutral zone.
0:04 of 3rd period - Ryan Lomberg is hit by Brett Seney and loses puck.
0:25 of 3rd period - Trevor Moore is hit by Eeli Tolvanen and loses puck.
1:14 of 3rd period - Snap shot by Christian Wolanin.
1:14 of 3rd period - Stopped by Thatcher Demko with a rebound.
1:16 of 3rd period - Snap shot by David Kase.
1:16 of 3rd period - Shot Blocked by Ryan Lomberg.
1:18 of 3rd period - Backhand shot by David Kase.
1:18 of 3rd period - Shot Misses the Net.
1:28 of 3rd period - Slapshot by Joonas Donskoi.
1:28 of 3rd period - Shot Blocked by Daniil Miromanov.
1:30 of 3rd period - Snap shot by Mason Marchment.
1:30 of 3rd period - Deflect By Brett Seney.
1:30 of 3rd period - Stopped by Thatcher Demko with a rebound.
1:32 of 3rd period - Snap shot by Mason Marchment.
1:32 of 3rd period - Stopped by Thatcher Demko with a rebound.
1:34 of 3rd period - Slapshot by Joonas Donskoi.
1:34 of 3rd period - Goal by Joonas Donskoi - Comets : 5 - Canucks : 6.
1:35 of 3rd period - Nicolas Petan wins face-off versus Brett Seney in neutral zone.
2:01 of 3rd period - Conor Garland is hit by Adam Ollas-Mattsson and loses puck.
2:22 of 3rd period - Off-side.
2:23 of 3rd period - John Hayden wins face-off versus Lane Pederson in neutral zone.
2:36 of 3rd period - Snap shot by Alexandre Texier.
2:36 of 3rd period - Goal by Alexandre Texier - Comets : 6 - Canucks : 6.
2:37 of 3rd period - Brett Seney wins face-off versus Nicolas Petan in neutral zone.
2:51 of 3rd period - Minor Penalty to Joonas Donskoi for Interference.
2:52 of 3rd period - Curtis Lazar wins face-off versus Brett Seney in Comets zone.
3:35 of 3rd period - Backhand shot by Brett Howden.
3:35 of 3rd period - Goal by Brett Howden - Comets : 7 - Canucks : 6.
3:36 of 3rd period - Brett Seney wins face-off versus Nicolas Petan in neutral zone.
3:44 of 3rd period - Brett Seney is hit by Adam Ollas-Mattsson and loses puck.
4:42 of 3rd period - Slapshot by Cristiano Digiacinto.
4:42 of 3rd period - Shot Blocked by William Lagesson.
4:51 of 3rd period - Penalty to Joonas Donskoi is over, Joonas Donskoi is back on ice.
5:02 of 3rd period - Backhand shot by Juho Lammikko.
5:02 of 3rd period - Stopped by Akira Schmid with a rebound.
5:04 of 3rd period - Wrist shot by Mackenzie MacEachern.
5:04 of 3rd period - Shot Misses the Net.
5:22 of 3rd period - Wrist shot by Nicolas Roy.
5:22 of 3rd period - Shot Misses the Net.
6:00 of 3rd period - Slapshot by Nicolas Roy.
6:00 of 3rd period - Shot Blocked by Dan Renouf.
6:02 of 3rd period - Snap shot by David Kase.
6:02 of 3rd period - Stopped by Thatcher Demko with a rebound.
6:06 of 3rd period - Wrist shot by Nicolas Roy.
6:06 of 3rd period - Stopped by Thatcher Demko without a rebound.
6:07 of 3rd period - Ryan Lomberg wins face-off versus Brett Seney in Canucks zone.
6:32 of 3rd period - Axel Holmstrom is hit by Eeli Tolvanen and loses puck.
6:57 of 3rd period - Wrist shot by Cristiano Digiacinto.
6:57 of 3rd period - Stopped by Thatcher Demko without a rebound.
6:58 of 3rd period - John Hayden wins face-off versus Nicolas Petan in Canucks zone.
7:23 of 3rd period - Dan Renouf is hit by Ilya Lyubushkin.
7:39 of 3rd period - Icing by Mason Marchment.
7:40 of 3rd period - Aleksi Heponiemi wins face-off versus Brett Howden in Comets zone.
7:43 of 3rd period - Wrist shot by Juho Lammikko.
7:43 of 3rd period - Stopped by Akira Schmid without a rebound.
7:44 of 3rd period - Brett Howden wins face-off versus Aleksi Heponiemi in Comets zone.
8:09 of 3rd period - Brett Seney is hit by Dan Renouf and loses puck.
8:34 of 3rd period - Slapshot by Alexandre Texier.
8:34 of 3rd period - Stopped by Thatcher Demko with a rebound.
8:36 of 3rd period - Slapshot by Alexandre Texier.
8:36 of 3rd period - Shot Hit the Post.
8:38 of 3rd period - Snap shot by John Hayden.
8:38 of 3rd period - Shot Misses the Net.
9:32 of 3rd period - Wrist shot by Brett Seney.
9:32 of 3rd period - Stopped by Thatcher Demko without a rebound.
9:33 of 3rd period - Aleksi Heponiemi wins face-off versus Brett Seney in Canucks zone.
9:39 of 3rd period - Icing by Juho Lammikko.
9:40 of 3rd period - Aleksi Heponiemi wins face-off versus Brett Seney in Canucks zone.
10:05 of 3rd period - Snap shot by Conor Garland.
10:05 of 3rd period - Stopped by Thatcher Demko without a rebound.
10:06 of 3rd period - Nicolas Petan wins face-off versus Brett Howden in Canucks zone.
10:16 of 3rd period - Slapshot by Marcus Bjork.
10:16 of 3rd period - Stopped by Thatcher Demko with a rebound.
10:18 of 3rd period - Slapshot by Marcus Bjork.
10:18 of 3rd period - Shot Misses the Net.
10:20 of 3rd period - Slapshot by Marcus Bjork.
10:20 of 3rd period - Stopped by Thatcher Demko with a rebound.
10:22 of 3rd period - Wrist shot by Brett Howden.
10:22 of 3rd period - Shot Misses the Net.
10:32 of 3rd period - Brett Seney is hit by Trevor Moore.
10:36 of 3rd period - Vincent Desharnais is hit by Axel Holmstrom.
10:54 of 3rd period - William Lockwood is hit by Vincent Desharnais and loses puck.
10:59 of 3rd period - Snap shot by John Hayden.
10:59 of 3rd period - Shot Misses the Net.
11:01 of 3rd period - Snap shot by Cristiano Digiacinto.
11:01 of 3rd period - Shot Blocked by Daniil Miromanov.
11:58 of 3rd period - Jake Bean is hit by Daniil Miromanov and loses puck.
12:41 of 3rd period - Slapshot by Wyatt Kalynuk.
12:41 of 3rd period - Deflect By Adam Ollas-Mattsson.
12:41 of 3rd period - Stopped by Thatcher Demko with a rebound.
12:43 of 3rd period - Wrist shot by Nicolas Roy.
12:43 of 3rd period - Shot Blocked by Adam Ollas-Mattsson.
12:45 of 3rd period - Wrist shot by David Kase.
12:45 of 3rd period - Stopped by Thatcher Demko with a rebound.
13:11 of 3rd period - Minor Penalty to Adam Ollas-Mattsson for Slashing.
13:12 of 3rd period - Nicolas Petan wins face-off versus Brett Seney in Canucks zone.
14:13 of 3rd period - Wrist shot by Axel Holmstrom.
14:13 of 3rd period - Shot Blocked by Joonas Donskoi.
15:11 of 3rd period - Penalty to Adam Ollas-Mattsson is over, Adam Ollas-Mattsson is back on ice.
15:16 of 3rd period - Adam Ollas-Mattsson is hit by Eeli Tolvanen and loses puck.
15:36 of 3rd period - Marcus Bjork is hit by Daniil Miromanov and loses puck.
16:31 of 3rd period - Marcus Bjork is hit by Mackenzie MacEachern and loses puck.
16:37 of 3rd period - Minor Penalty to Will Borgen for Interference.
16:38 of 3rd period - Brett Seney wins face-off versus Nicolas Petan in Canucks zone.
18:37 of 3rd period - Penalty to Will Borgen is over, Will Borgen is back on ice.
18:44 of 3rd period - Axel Holmstrom is hit by David Kase and loses puck.
18:57 of 3rd period - Guillaume Brisebois is hit by Alexandre Texier.
19:05 of 3rd period - Conor Garland is hit by Ryan Lomberg and loses puck.
19:34 of 3rd period - Snap shot by Conor Garland.
19:34 of 3rd period - Stopped by Thatcher Demko without a rebound.
19:35 of 3rd period - Henrik Sedin call a timeout for Canucks.
19:35 of 3rd period - Nicolas Petan wins face-off versus Alexandre Texier in Canucks zone.
19:40 of 3rd period - Canucks, Thatcher Demko is pulled from the net.
19:54 of 3rd period - Eeli Tolvanen is hit by Adam Ollas-Mattsson and loses puck.
Goals for this period are 3 for Comets vs 0 for Canucks.
Shots for this period are 17 for Comets vs 2 for Canucks.
Output by the SimonT Hockey Simulator (STHS) for Francois Prevost